 Dungeon Crawl Stone Soup version 0.29-a0-330-g52719c12eb (webtiles) character file.

Game seed: 16842144920687029260

551 Armakuni the Skirmisher (level 7, -9/56 HPs)
             Began as a Human Artificer on Apr 14, 2022.
             Was an Initiate of Ru.
             Mangled by Edmund
             ... wielding a +0 dire flail of protection
              (10 damage)
             ... on level 4 of the Dungeon.
             The game lasted 00:10:11 (5359 turns).

Armakuni the Skirmisher (Human Artificer)           Turns: 5359, Time: 00:10:11

Health: -9/56      AC:  7    Str: 12 (13) XL:     7   Next: 54%
Magic:  7/7        EV: 14    Int: 13      God:    Ru [......]
Gold:   188        SH:  0    Dex: 13      Spells: 6/6 levels left

rFire   . . .      SeeInvis .   a - +3 flail (flame)
rCold   . . .      Faith    .   (no shield)
rNeg    . . .      Spirit   .   o - +1 ring mail
rPois   .          Reflect  .   (no helmet)
rElec   .          Harm     .   (no cloak)
rCorr   .          Rampage  .   (no gloves)
Will    .....                   k - +0 pair of boots
Stlth   +.........              (no amulet)
HPRegen 0.18/turn               E - +4 ring of evasion
MPRegen 0.10/turn               (no ring)

@: no status effects
A: no striking features
a: Renounce Religion


You were on level 4 of the Dungeon.
You worshipped Ru.
Ru was noncommittal.
You visited 1 branch of the dungeon, and saw 4 of its levels.

You collected 188 gold pieces.

Inventory:

Hand Weapons
 a - a +3 flail of flaming (weapon)
 b - a +0 club of electrocution
Missiles
 g - 3 atropa-tipped darts (quivered)
Armour
 k - a +0 pair of boots (worn)
 o - a +1 ring mail (worn)
Jewellery
 E - a +4 ring of evasion (left hand)
Wands
 c - a wand of charming (13)
 j - a wand of iceblast (7)
 v - a wand of flame (13)
Scrolls
 e - 2 scrolls of identify
 f - a scroll of amnesia
 i - a scroll of blinking
 n - a scroll of fear
 p - a scroll of noise
 r - 2 scrolls of magic mapping
Potions
 d - a potion of mutation {unknown}
 h - a potion of magic
 l - a potion of flight
 s - 2 potions of degeneration


   Skills:
 - Level 5.0 Fighting
 - Level 5.0 Maces & Flails
 - Level 2.0 Armour
 - Level 1.0 Dodging
 - Level 1.0 Stealth
 + Level 3.7 Evocations


You had 6 spell levels left.
You didn't know any spells.
Your spell library contained the following spells:

 Spells                   Type           Power      Damage    Failure   Level
 Magic Dart               Conj           0%         1d3       56%         1
 Call Imp                 Summ           0%         N/A       71%         2
 Mephitic Cloud           Conj/Pois/Air  0%         N/A       90%         3


Dungeon Overview and Level Annotations

Branches:
Dungeon (4/15)
 Temple: D:4-7

Altars:
Ashenzari
Kikubaaqudgha
Makhleb
Okawaru
Ru
Trog

Annotations:
D:4 Edmund


Message History

You hit the iguana but do no damage. The iguana completely misses you.
You hit the iguana. You burn the iguana.
The iguana is moderately wounded.
The ball python closely misses you. The ball python barely misses you.
The iguana closely misses you. The ball python barely misses you. x2
You hit the iguana. You burn the iguana.
The iguana is heavily wounded.
The iguana misses you. The ball python bites you. The ball python grabs you.
The ball python constricts you.
You hit the ball python. You burn the ball python.
You kill the ball python!
The iguana barely misses you.
You barely miss the iguana.
The iguana is heavily wounded.
The iguana completely misses you.
You barely miss the iguana.
The iguana is heavily wounded.
The iguana bites you. The iguana closely misses you.
You hit the iguana. You burn the iguana.
You kill the iguana!
No target in view!
You now have 188 gold pieces (gained 17).
Edmund the Younger comes into view.
He is wielding a +0 dire flail of protection.
Edmund shouts!
A worm comes into view.
Edmund drinks a potion.
Edmund flickers and vanishes!
Deactivating autopickup; reactivate with Ctrl-A.
Something hits you!
You miss something. Something barely misses you.
You sock something! You burn something. Something hits you but does no damage.
You miss something. Something hits you.
You barely miss something. Something hits you.
You miss something. Something hits you. Something hits you!
You closely miss something. Something hits you!
You hit something but do no damage. Something hits you!
* * * LOW HITPOINT WARNING * * *
You sock something! You burn something. Something hits you.
* * * LOW HITPOINT WARNING * * *
You miss something. Something hits you!
You die...

#.# #.###########.#
####.#######.# #.# #####
..........##.###########.###...#
......................)........#
############..##########.###...#
....... #..# #.# ##.## ..#...#
#..# #.# #.# ..# .#
#..##########.# #.# ..#
#....@{w......# #.# .##
##.###############.# .# ###.###
#........# .#
#....(######.######## ##
#...>.....##.# # #.....###.##.#
# ... #.....# #.##.# #. ...
#(....# #....# .. ... #.#####
####.#


You could see a worm.

Vanquished Creatures
  An orc warrior (D:4)
  A necrophage (D:4)
  A scorpion (D:3)
  An orc priest (D:4)
  4 iguanas (D:4)
  2 orc wizards (D:3)
  3 adders
  A gnoll (D:4)
  5 dart slugs
  4 orcs
  11 ball pythons
  9 endoplasms
  4 giant cockroaches
  6 goblins
  4 hobgoblins
  6 jackals (D:2)
  5 kobolds
  4 quokkas
  10 bats
  6 frilled lizards
  6 rats
94 creatures vanquished.

Vanquished Creatures (collateral kills)
  An adder (D:4)
  A hobgoblin (D:4)
  A jackal (D:2)
3 creatures vanquished.

Vanquished Creatures (others)
  An iguana (D:4)
1 creature vanquished.

Grand Total: 98 creatures vanquished

Notes
Turn   | Place    | Note
-------+----------+-------------------------------------------
     0 | D:1      | Armakuni the Human Artificer began the quest for the Orb.
     0 | D:1      | Reached XP level 1. HP: 15/15 MP: 1/1
   504 | D:1      | Reached XP level 2. HP: 22/22 MP: 2/2
   928 | D:1      | Reached skill level 1 in Maces & Flails
   933 | D:1      | Found a faded altar of an unknown god.
   990 | D:1      | Reached XP level 3. HP: 26/27 MP: 3/3
  2242 | D:2      | Reached XP level 4. HP: 24/34 MP: 4/4
  3162 | D:3      | Found a sacrificial altar of Ru.
  3187 | D:3      | Noticed a scorpion
  3196 | D:3      | Killed a scorpion
  3197 | D:3      | Reached XP level 5. HP: 22/41 MP: 5/5
  3321 | D:3      | Became a worshipper of Ru the Awakened
  3396 | D:3      | Found a bloodstained altar of Trog.
  3450 | D:3      | Found a broken altar of Ashenzari.
  3782 | D:3      | Reached XP level 6. HP: 17/48 MP: 6/6
  4180 | D:4      | Found an ancient bone altar of Kikubaaqudgha.
  4211 | D:4      | Found a burning altar of Makhleb.
  4213 | D:4      | Noticed a cacodemon
  4825 | D:4      | Reached XP level 7. HP: 47/55 MP: 7/7
  4896 | D:4      | Reached skill level 5 in Fighting
  4903 | D:4      | Reached skill level 5 in Maces & Flails
  5087 | D:4      | Found an iron altar of Okawaru.
  5347 | D:4      | Noticed Edmund
  5358 | D:4      | HP: 1/56 [something (4)]
  5359 | D:4      | Mangled by Edmund

Illustrated notes

Levels and vault maps discovered:
D:1:      minmay_arrival_floating_metal, layout_basic,
          nicolae_ecumenical_snake_handling
D:2:      layout_basic
D:3:      layout_loops_ring, nicolae_ru_sacrificial_ziggurat,
          mainiacjoe_overflow_small_starburst, lemuel_crystal_altar
D:4:      minmay_recursive_quarters, layout_loops_ring,
          mainiacjoe_overflow_catwalk_spiral, makhleb_altar_promises_db,
          uniq_edmund

Skill      XL: |  1  2  3  4  5  6  7 |
---------------+----------------------+-----
Fighting       | 2 3 4 5 |  5.0
Maces & Flails | 1 3 4 5 |  5.0
Armour         | |  2.0
Dodging        | |  1.0
Stealth        | |  1.0
Evocations     | |  3.7

Action                   |  1- 3 |  4- 6 |  7- 9 || total
-------------------------+-------+-------+-------++-------
Melee: Club              |   103 |   183 |     8 ||   294
       Dagger            |     7 |       |       ||     7
       Punch             |       |     3 |       ||     3
       Flail             |       |       |    20 ||    20
Throw: Dart              |     3 |    10 |       ||    13
Invok: Reject Sacrifices |       |       |     1 ||     1
Evoke: Wand              |       |     4 |     2 ||     6
  Use: Scroll            |     6 |     5 |     3 ||    14
       Potion            |       |     6 |       ||     6
 Stab: Sleeping          |     4 |       |       ||     4
       Distracted        |     1 |       |       ||     1
       Invisible         |       |     3 |       ||     3
Armor: Leather armour    |    31 |     5 |       ||    36
       Ring mail         |       |    50 |     6 ||    56
Dodge: Dodged            |    78 |   155 |    23 ||   256

Table legend: (Time is in decaauts)
 A = Elapsed time spent in this place.
 B = Non-inter-level travel time spent in this place.
 C = Inter-level travel time spent in this place.
 D = Time resting spent in this place.
 E = Time spent auto-exploring this place.
 F = Levels seen in this place.
 G = Mean time per level.
                   A        B        C        D        E       F      G
               +--------+--------+--------+--------+--------+-----+--------+
         Total |   5428 |   5202 |    226 |   1002 |   3214 |   4 | 1357.0 |
       Dungeon |   5428 |   5202 |    226 |   1002 |   3214 |   4 | 1357.0 |
               +--------+--------+--------+--------+--------+-----+--------+

Top non-repeatable levels by time:
     D:2: 1559 daAuts
     D:1: 1488 daAuts
     D:4: 1216 daAuts
     D:3: 1164 daAuts
